 Dungeon Crawl Stone Soup version 0.14-a0-1739-g6c2808e (webtiles) character file.

409 Kae the Insei (level 5, -7/40 HPs)
             Began as a Draconian Transmuter on Jan 3, 2014.
             Mangled by a gnoll
             ... wielding a +0,+0 spear
              (13 damage)
             ... on Level 4 of the Dungeon.
             The game lasted 00:03:17 (3417 turns).

Kae the Insei (Draconian Transmuter)                Turns: 3417, Time: 00:03:17

HP  -7/40        AC  5     Str 10 (12) XL: 5   Next: 91%
MP   8/9         EV 16     Int 13      God:
Gold 154         SH  0     Dex 13      Spells:  1 memorised,  7 levels left

rFire  . . .     SeeInvis .       - Unarmed
rCold  . . .     Clarity  .     (armour unavailable)
rNeg   . . .     Conserve .     (no shield)
rPois  .         rCorr    .     (helmet restricted)
rElec  .         rRot     .     (no cloak)
SustAb . .       Spirit   .     (no gloves)
rMut   .         Warding  .     (no boots)
Saprov . . .     Stasis   .     r - amulet of rage
                                h - ring of flight
                                p - +4 ring of evasion

@: very slightly contaminated, glowing, slightly resistant to hostile
enchantments, very unstealthy
A: unfitting armour, AC +5
a: Evoke Berserk Rage, Evoke Flight


You were on level 4 of the Dungeon.
You were not hungry.

You visited 1 branch of the dungeon, and saw 4 of its levels.

You collected 154 gold pieces.

Inventory:

Missiles
 b - 45 arrows
 t - 7 tomahawks (quivered)
Magical devices
 e - a wand of cold (5)
Comestibles
 a - 5 bread rations
 f - 8 grapes
 n - 15 strawberries
 w - 2 chunks of gnoll flesh
Scrolls
 g - a scroll of remove curse {unknown}
 i - a scroll of amnesia {unknown}
 j - 2 scrolls of enchant weapon II
 k - a scroll of immolation {unknown}
 l - a scroll of noise {unknown}
 o - a scroll of identify
 q - a scroll of enchant weapon I {unknown}
 s - a scroll of teleportation {unknown}
 u - 2 scrolls of fear {unknown}
Jewellery
 h - a ring of flight (right hand)
 p - a +4 ring of evasion (left hand)
 r - an amulet of rage (around neck)
Potions
 c - 2 potions of heal wounds
 m - 2 potions of curing
 v - a potion of flight
Books
 d - a book of Changes

   Spells                             Type                      Level
   *Beastly Appendage                 Transmutation                1
   Sticks to Snakes                   Transmutation                2
   Spider Form                        Transmutation/Poison         3
   Ice Form                           Ice/Transmutation            4
   Blade Hands                        Transmutation                5


   Skills:
 - Level 1.1 Fighting
 - Level 1.7 Dodging
 * Level 5.5 Unarmed Combat
 - Level 2.0 Spellcasting
 + Level 4.2 Transmutations


You had 7 spell levels left.
You knew the following spells:

 Your Spells              Type           Power        Failure   Level  Hunger
a - Beastly Appendage     Trmt           ##....       6%          1    ##.....


Dungeon Overview and Level Annotations

Branches:
Dungeon (4/16)
 Temple: D:4-7

Altars:
Xom


Message History

The gnoll shaman is almost dead.
The gnoll hits you from afar with a spear!
* * * LOW HITPOINT WARNING * * *
The gnoll completely misses you. The gnoll shaman misses you.
You barely miss the gnoll shaman. You tail-slap the gnoll shaman.
You kill the gnoll shaman!
The gnoll closely misses you. The gnoll misses you.
The gnoll hits you with a spear.
* * * LOW HITPOINT WARNING * * *
Things that are here:
a whip; a leather armour; a gnoll corpse You barely miss the gnoll.
Your tail-slap misses the gnoll.
The gnoll hits you but does no damage.
Drink which item? (? for menu, Esc to quit)
Okay, then.
Unknown command.
You hit the gnoll.
The gnoll is moderately wounded.
The gnoll hits you with a spear!
You die...

. ..# ... ..#
....#####..#
...........#
...........#
.........)..# ..
######.)...###### .
#....#........... #
#....)@.......... #
#....#g.......... #
#..
#...)#.)........ #
#....#...
#.......... #
#....#...
#.......... #
#....#..
#.......... #
#....# )
#)#######.. #
#....# #%#.....# #
#....##+###.#.....#


You could see a gnoll.

Vanquished Creatures
  A gnoll shaman (D:4)
  A scorpion (D:4)
  A worker ant (D:4)
  4 gnolls (D:4)
  5 adders
  A worm (D:3)
  6 giant geckos
  6 orcs (D:3)
  10 bats
  8 goblins
  11 hobgoblins
  7 jackals
  A ball python (D:1)
  3 giant newts
  10 kobolds
  A quokka (D:4)
  7 rats
83 creatures vanquished.

Notes
Turn   | Place    | Note
--------------------------------------------------------------
     0 | D:1      | Kae, the Draconian Transmuter, began the quest for the Orb.
     0 | D:1      | Reached XP level 1. HP: 16/16 MP: 3/3
   207 | D:1      | Reached XP level 2. HP: 17/23 MP: 4/4
   632 | D:2      | Gained mutation: Your wings are large and strong. [potion of beneficial mutation]
   752 | D:2      | Reached XP level 3. HP: 25/28 MP: 6/6
   962 | D:2      | Reached skill level 4 in Unarmed Combat
   982 | D:2      | HP: 1/28 [poisoned by an adder]
  1429 | D:2      | Reached XP level 4. HP: 31/35 MP: 7/7
  2081 | D:3      | Found a shimmering altar of Xom.
  2833 | D:4      | Lost mutation: Your wings are large and strong. [potion of cure mutation]
  2842 | D:4      | Reached XP level 5. HP: 24/40 MP: 9/9
  3159 | D:4      | Reached skill level 5 in Unarmed Combat
  3417 | D:4      | Mangled by a gnoll

Action                   |  1- 3 |  4- 6 || total
-------------------------+-------+-------++-------
Melee: Unarmed           |   142 |   239 ||   381
 Cast: Beastly Appendage |     5 |    11 ||    16
Evoke: Wand              |       |     1 ||     1
  Use: Potion            |     7 |     3 ||    10
       Scroll            |     3 |       ||     3
 Stab: Sleeping          |     1 |     1 ||     2
